AoeStats
← blb_00

Arena

510385876Analyzed
2v2 RM · 22h ago on Sep 30, 2026· 59m 32s· 4 players
Game mode
Random Map
Map size
Medium (4 player)
Population
200
Speed
Normal
Resources
Standard
Victory
Conquest
Starting age
Dark Age
Ending age
Imperial Age
RankedLock teamsTeams togetherTeam positionsShared explorationLock speedFull tech treeHidden civsTurbo modeCheats
Victory
Defeat
🇩🇪 Franks · Germany
694
+17
🇩🇪 Britons · Germany
682
+18
🇪🇸 Spanish · Spain
739
-18
🇷🇺 Cumans · Russia
719
-17
blb_00
0:44 Loom
10:51 Feudal Age
11:35 Horse Collar
11:42 Double-Bit Axe
12:37 Wheelbarrow
15:35 Gold Mining
15:37 Stone Mining
20:40 Castle Age
21:52 Heavy Plow
22:30 Stone Shaft Mining
22:07 Bow Saw
22:37 Hand Cart
26:39 Scale Barding Armor
35:07 Imperial Age
34:25 Chain Barding Armor
33:57 Fletching
34:07 Padded Archer Armor
34:29 Ballistics
35:20 Elite Skirmisher
37:58 Chemistry
37:44 Plate Barding Armor
37:04 Bodkin Arrow
37:25 Leather Archer Armor
37:20 Forging
40:16 Light Cavalry
41:07 Bloodlines
41:59 Pikeman
43:25 Halberdier
Captain Klest
11:21 Feudal Age
14:51 Man-at-Arms
18:33 Horse Collar
18:42 Double-Bit Axe
22:24 Forging
22:16 Scale Mail Armor
28:20 Castle Age
29:31 Heavy Plow
31:42 Bow Saw
32:16 Wheelbarrow
33:43 Hand Cart
34:06 Iron Casting
33:37 Scale Barding Armor
33:31 Gold Mining
36:00 Chain Barding Armor
39:10 Imperial Age
36:57 Bloodlines
37:36 Caravan
38:40 Gold Shaft Mining
39:11 Cavalier
40:55 Blast Furnace
40:31 Plate Barding Armor
41:54 Crop Rotation
42:15 Conscription
41:54 Paladin
Morandorixeron
11:51 Feudal Age
12:25 Double-Bit Axe
18:07 Castle Age
16:42 Man-at-Arms
18:04 Scale Mail Armor
18:14 Forging
18:19 Long Swordsman
19:13 Husbandry
19:44 Squires
23:53 Bow Saw
27:25 Stone Mining
27:26 Gold Mining
28:50 Scale Barding Armor
29:01 Chain Mail Armor
29:28 Gambesons
29:43 Pikeman
31:42 Chain Barding Armor
32:39 Wheelbarrow
35:28 Ballistics
35:26 Hand Cart
37:09 Iron Casting
37:21 Gold Shaft Mining
40:10 Imperial Age
40:26 Cavalier
42:22 Paladin
43:35 Plate Mail Armor
45:19 Conscription
46:34 Halberdier
46:35 Two-Handed Swordsman
50:48 Champion
Equalizer
9:54 Feudal Age
10:30 Horse Collar
11:14 Double-Bit Axe
18:17 Castle Age
20:09 Heavy Plow
20:23 Elite Skirmisher
22:09 Scale Mail Armor
22:49 Stone Mining
22:52 Gold Mining
23:24 Pikeman
26:15 Wheelbarrow
25:25 Loom
29:38 Gold Shaft Mining
33:02 Imperial Age
31:07 Bow Saw
32:26 Hand Cart
33:04 Padded Archer Armor
32:55 Fletching
34:50 Arrowslits
36:10 Chemistry
36:45 Halberdier
38:49 Elite Longbowman
41:26 Yeomen
42:29 Yeomen
46:39 Yeomen
46:45 Yeomen
53:42 Leather Archer Armor
53:23 Bodkin Arrow
Connection lost

Rejoining the realm…

Still unreachable

The connection could not be restored.

Session expired

The server has moved on; the page needs a fresh start.